 Dungeon Crawl Stone Soup version 0.31-a0-1074-g0b22e4e0f1 (console) character file.

Game seed: 11410061179357178446

422 petzl the Sneak (level 7, -12/52 HPs)
             Began as a Formicid Delver on Nov 27, 2023.
             Mangled by an ogre
             ... wielding a +0 giant spiked club
              (32 damage)
             ... on level 5 of the Dungeon.
             The game lasted 00:15:47 (4566 turns).

petzl the Sneak (Formicid Delver)                   Turns: 4566, Time: 00:15:48

Health: -12/52     AC:  6    Str: 17    XL:     7   Next: 17%
Magic:  12/12      EV: 12    Int: 11    God:
Gold:   282        SH:  0    Dex: 15    Spells: 5/12 levels left

rFire   . . .        a - +2 dagger (venom) {!f =f}
rCold   . . .        (no shield)
rNeg    . . .        q - +0 ring mail
rPois   .            (helmet unavailable)
rElec   .            u - +0 cloak
rCorr   .            (no gloves)
SInv    +            (no boots)
Will    .....        (no amulet)
Stlth   +++          (no ring)
HPRegen 0.28/turn    (no ring)
MPRegen 0.13/turn

%: no passive effects
@: no status effects
A: permanent stasis, dig shafts and tunnels, antennae 3, four strong arms
a: Dig, Shaft Self


You were on level 5 of the Dungeon.
You visited 1 branch of the dungeon, and saw 6 of its levels.

You collected 1114 gold pieces.
You spent 832 gold pieces at shops.

Inventory:

Hand Weapons
 a - a +2 dagger of venom (weapon) {!f =f}
 b - a +1 sling
 r - a +0 mace
Missiles
 g - 9 poisoned darts
 s - 7 boomerangs
Armour
 j - a +0 leather armour
 q - a +0 ring mail (worn)
 u - a +0 cloak (worn)
Jewellery
 l - a ring of ice
Wands
 f - a wand of digging (3)
Scrolls
 c - 2 scrolls of fog
 d - 2 scrolls of revelation
 e - 4 scrolls of fear
 k - a scroll of enchant armour
 m - a scroll of torment
 p - a scroll of vulnerability
 v - 5 scrolls of teleportation {unknown}
Potions
 h - a potion of berserk rage {unknown}
 i - a potion of cancellation {unknown}
 n - 2 potions of might {unknown}
 o - 2 potions of enlightenment {unknown}
 t - a potion of invisibility
 w - a potion of lignification {unknown}


   Skills:
 - Level 3.2 Fighting
 - Level 2.0 Maces & Flails
 + Level 2.6 Ranged Weapons
 + Level 3.2 Dodging
 - Level 6.0 Stealth
 + Level 3.4 Spellcasting
 * Level 2.1 Conjurations
 + Level 1.4 Fire Magic
 * Level 2.0 Ice Magic


You had 5 spell levels left.
You knew the following spells:

 Your Spells              Type           Power      Damage    Failure   Level
a - Hailstorm             Conj/Ice       6%         3d4       52%         3
b - Flame Wave            Conj/Fire      5%         2d5       92%         4

Your spell library contained the following spells:

 Spells                   Type           Power      Damage    Failure   Level
 Freeze                   Ice            24%        1d4       21%         1
 Scorch                   Fire           10%        2d5       36%         2
 Frozen Ramparts          Ice            12%        1d2       52%         3
 Ozocubu's Armour         Ice            6%         N/A       52%         3
 Lesser Beckoning         Tloc           2%         N/A       56%         2
 Gell's Gravitas          Tloc           1%         N/A       80%         3
 Teleport Other           Tloc           1%         N/A       80%         3
 Summon Ice Beast         Ice/Summ       4%         N/A       97%         4
 Freezing Cloud           Conj/Ice/Air   2%         6-21      100%        5
 Summon Cactus Giant      Summ           0%         N/A       100%        6
 Ozocubu's Refrigeration  Ice            3%         4d8       100%        7
 Blink                    Tloc           Unusable   N/A       N/A         2

Dungeon Overview and Level Annotations

Branches:
Dungeon (6/15)
 Temple: D:4-7

Altars:
Ashenzari
Cheibriados
Fedhas
Hepliaklqana
Kikubaaqudgha
Nemelex Xobeh
Sif Muna
Trog
The Shining One

Shops:
D:3 ?   D:4 :(

Annotations:
D:5 exclusion: downstairs


Innate Abilities, Weirdness & Mutations

You cannot be hasted, slowed, berserked, paralysed or teleported.
You can dig through walls and to a lower floor.
You have a pair of large antennae on your head. (SInv)
Your four strong arms can wield two-handed weapons with a shield.


Message History

The white imp shouts, "Begone, thou defiled idle-headed tiddler!"
You shoot a sling bullet. The sling bullet hits the white imp!
The white imp is severely wounded.
You shoot a sling bullet.
The sling bullet hits the white imp but does no damage.
The white imp is severely wounded.
You shoot a sling bullet. The sling bullet hits the white imp.
You kill the white imp!
No target in view!
Found a dark potion.
Found a stone staircase leading down.
v - 5 scrolls labelled MOAQUNN GOCK (gained 1)
i - a dark potion
There is a stone staircase leading down here.
You climb downwards.
You hear the sound of rushing water.
There is an entrance to a sewer on this level.
Hurry and find it before the portal rusts away!
The walls and floor vibrate strangely for a moment.
There is a stone staircase leading up here.
You climb upwards.
Level annotation: exclusion: downstairs
There is a stone staircase leading down here.
w - a viscous yellow potion You sense a monster nearby.
An ogre comes into view. It is wielding a +0 giant spiked club.
Found a dagger.
An ogre is nearby!
An ogre is nearby!
Your +2 dagger of venom {!f =f} begins to drip with poison!
a - a +2 dagger of venom (weapon)
{!f =f} The helpless ogre fails to defend itself.
You puncture the ogre!
The ogre is severely wounded.
The ogre hits you with a +0 giant spiked club!!
Ouch! That really hurt!
You hit the ogre.
The ogre is poisoned.
The ogre is almost dead.
The ogre hits you with a +0 giant spiked club!!
Ouch! That really hurt!
You die...

##### ....# ###.# #.#
#.# #.# #.# #.# #.#
#.# #.# ###.####
.......##
.#####..##############
.# ###..............#
.####......#.......#.#
.##(##.....#......##.#
.##..##....#.....##@.#
.##...##...#....##O..#
.##....##..#...##....#
.#......##.#..##.....#
.........######).....#
###......#...#.......#
########._.#######.# .
#...# .# #. ####'#.
##. ##..#.##. #..
##...#..##! #.#
##....#)..## #.#
##.....#....##
#†###......#.....##
...#)......#......#
###.###........#
...#.)..########
###.##### ###


You could see an ogre (very poisoned).

Vanquished Creatures
  Blork the orc (D:5)
  2 hounds (D:5)
  An orc priest (D:3)
  A jelly (D:4)
  An iguana (D:5)
  An orc wizard (D:3)
  4 adders
  2 white imps
  A worm (D:2)
  2 dart slugs
  19 orcs
  4 endoplasms
  3 giant cockroaches
  11 goblins
  13 hobgoblins
  4 jackals (D:4)
  7 quokkas
  7 ball pythons
  2 bats
  3 frilled lizards
  7 kobolds
  13 rats
109 creatures vanquished.

Notes
Turn   | Place    | Note
-------+----------+-------------------------------------------
     0 | D:5      | petzl the Formicid Delver began the quest for the Orb.
     0 | D:5      | Reached XP level 1. HP: 18/18 MP: 1/1
     8 | D:6      | Noticed an ogre
    13 | D:5      | Noticed Blork the orc
    27 | D:5      | Found an ancient bone altar of Kikubaaqudgha.
    82 | D:5      | Found a glowing golden altar of the Shining One.
    89 | D:4      | Reached skill level 1 in Spellcasting
   139 | D:4      | Noticed a jelly
   288 | D:1      | Reached XP level 2. HP: 18/24 MP: 4/4
   466 | D:1      | Reached XP level 3. HP: 29/29 MP: 6/6
   743 | D:2      | Found a hazy altar of Hepliaklqana.
   760 | D:2      | Reached skill level 1 in Ranged Weapons
   851 | D:2      | Found a faded altar of an unknown god.
  1103 | D:2      | Reached XP level 4. HP: 24/35 MP: 7/7
  1779 | D:3      | Found Keapnion's Magic Scroll Shoppe.
  1785 | D:3      | Bought a scroll of identify for 26 gold pieces
  1785 | D:3      | Bought a scroll of identify for 26 gold pieces
  1785 | D:3      | Bought a scroll of identify for 26 gold pieces
  1788 | D:3      | Identified a scroll of acquirement
  1859 | D:3      | Found a sparkling altar of Nemelex Xobeh.
  1942 | D:3      | Found a snail-covered altar of Cheibriados.
  2053 | D:3      | Found a blossoming altar of Fedhas.
  2080 | D:3      | You fall into a shaft and drop 2 floors!
  2136 | D:4      | Reached XP level 5. HP: 41/41 MP: 7/9
  2144 | D:4      | Learned a level 3 spell: Hailstorm
  2149 | D:4      | Learned a level 4 spell: Flame Wave
  2620 | D:4      | Reached skill level 1 in Conjurations
  2959 | D:4      | Reached XP level 6. HP: 46/47 MP: 10/10
  2996 | D:4      | Found Zoopat's Self-Published Books.
  3015 | D:4      | Acquired 969 gold pieces
  3017 | D:4      | Bought Fannar's Almanac of the Cold Heart for 728 gold
                  | pieces
  3102 | D:3      | Bought a scroll of identify for 26 gold pieces
  3168 | D:4      | Found Paringih's Antique Weapon Shop.
  3262 | D:4      | Found a shimmering blue altar of Sif Muna.
  3296 | D:4      | Found a bloodstained altar of Trog.
  3355 | D:4      | Noticed an ogre
  3640 | D:5      | Reached skill level 1 in Fire Magic
  3640 | D:5      | Reached skill level 1 in Ice Magic
  3800 | D:5      | Found a broken altar of Ashenzari.
  4236 | D:5      | Killed Blork the orc
  4237 | D:5      | Reached XP level 7. HP: 19/52 MP: 10/12
  4566 | D:5      | Mangled by an ogre

Illustrated notes

Levels and vault maps discovered:
D:1:      dpeg_arrival_stone_temple_mockup, layout_rooms
D:2:      minmay_skewed_foursquare, layout_loops_ring,
          nicolae_ecumenical_snake_handling, basic_altar, minmay_goblin_outpost
D:3:      layout_basic, nemelex_dance_club_becter, old_standard_altar,
          mainiacjoe_overflow_brackets, serial_shops, nicolae_shop_crystal
D:4:      layout_basic, mainiacjoe_overflow_surrounded_room,
          trog_butcher_becter, serial_shops, nicolae_shop_behind_doors,
          serial_park_tiny_1, nicolae_custom_books, serial_bayou_pond_d
D:5:      layout_loops_ring, okawaru_altar_gauntlet_db,
          nicolae_ashenzari_panopticon, lemuel_crystal_altar,
          overflow_temple_1_default, uniq_blork_the_orc
D:6:      layout_basic, minmay_temple_entry_slanted,
          cheibrodos_sewer_entry_bend, serial_shops, shop, shop_fountains,
          kennysheep_mini_moat, kennysheep_nondescript, kennysheep_donut,
          uniq_sigmund

Skill      XL: |  1  2  3  4  5  6  7 |
---------------+----------------------+-----
Spellcasting   | 1 2 3 |  3.4
Dodging        | 2 3 |  3.2
Ranged Weapons | 1 2 |  2.6
Conjurations   | 1 2 |  2.1
Fire Magic     | 1 |  1.4
Ice Magic      | 1 2 |  2.0
Fighting       | |  3.2
Maces & Flails | |  2.0
Stealth        | |  6.0

Action                     |  1- 3 |  4- 6 |  7- 9 || total
---------------------------+-------+-------+-------++-------
  Melee: Mace              |   114 |    22 |       ||   136
         Punch             |     2 |     3 |       ||     5
         Dagger            |       |   115 |    13 ||   128
   Fire: Sling             |     7 |   104 |    10 ||   121
Ability: Dig               |     1 |     1 |       ||     2
         Shaft Self        |       |     1 |       ||     1
  Evoke: Wand              |       |     1 |       ||     1
    Use: Scroll            |       |     7 |       ||     7
         Potion            |       |     3 |       ||     3
   Stab: Sleeping          |     6 |     6 |     1 ||    13
 Armour: Leather armour    |    61 |     1 |       ||    62
         Ring mail         |       |   123 |     6 ||   129
  Dodge: Dodged            |    88 |   107 |     7 ||   202

Table legend: (Time is in decaauts)
 A = Elapsed time spent in this place.
 B = Non-inter-level travel time spent in this place.
 C = Inter-level travel time spent in this place.
 D = Time resting spent in this place.
 E = Time spent auto-exploring this place.
 F = Levels seen in this place.
 G = Mean time per level.
                   A        B        C        D        E       F      G
               +--------+--------+--------+--------+--------+-----+--------+
         Total |   4628 |   4369 |    259 |    789 |   2222 |   6 |  771.3 |
       Dungeon |   4628 |   4369 |    259 |    789 |   2222 |   6 |  771.3 |
               +--------+--------+--------+--------+--------+-----+--------+

Top non-repeatable levels by time:
     D:2: 1100 daAuts
     D:5: 1087 daAuts
     D:4: 1041 daAuts
     D:3: 901 daAuts
     D:1: 494 daAuts
     D:6: 3 daAuts
